 Dungeon Crawl Stone Soup version 0.22.1-2-g9c5b331 (webtiles) character file.

199 Gearfox the Cudgeler (level 5, 45/45 HPs)
             Began as a Draconian Fighter on Nov 28, 2018.
             Quit the game on level 3 of the Dungeon.
             The game lasted 00:11:05 (3491 turns).

Gearfox the Cudgeler (Draconian Fighter)            Turns: 3491, Time: 00:11:05

Health: 45/45      AC:  7    Str: 19    XL:     5   Next: 48%
Magic:  5/5        EV: 10    Int:  9    God:
Gold:   71         SH:  9    Dex: 10    Spells: 4/4 levels left

rFire    . . .     SeeInvis .   a - +0 flail
rCold    . . .     Gourm    .   b - +0 shield
rNeg     . . .     Faith    .   (armour unavailable)
rPois    .         Spirit   .   (helmet restricted)
rElec    .         Reflect  .   c - +0 cloak
rCorr    .         Harm     .   f - +0 pair of gloves
MR       .....                  (no boots)
Stlth    +.........             (no amulet)
HPRegen  0.15/turn              (no ring)
MPRegen  0.09/turn              (no ring)

@: no status effects
A: unfitting armour, cold-blooded, AC +5
a: no special abilities


You were on level 3 of the Dungeon.
You were not hungry.

You visited 1 branch of the dungeon, and saw 3 of its levels.

You collected 71 gold pieces.

Inventory:

Hand Weapons
 a - a +0 flail (weapon)
 i - a +0 whip
Armour
 b - a +0 shield (worn)
 c - a +0 cloak (worn)
 f - a +0 pair of gloves (worn)
Jewellery
 k - a cursed ring of teleportation
Scrolls
 h - 3 scrolls of remove curse
 l - a scroll of identify
 m - a scroll of immolation {unknown}
 n - a scroll of amnesia {unknown}
Potions
 e - 2 potions of lignification {unknown}
 g - 5 potions of heal wounds
 o - a potion of flight {unknown}
Comestibles
 d - 4 rations
 j - 7 chunks of flesh


   Skills:
 - Level 3.2 Fighting
 * Level 5.8 Maces & Flails
 - Level 2.6 Dodging
 - Level 3.0 Shields


You had 4 spell levels left.
You didn't know any spells.
Your spell library was empty.

Dungeon Overview and Level Annotations

Branches:
Dungeon (3/15)

Altars:
Ru


Innate Abilities, Weirdness & Mutations

Your plain brown scales are hard. (AC +5)
You cannot fit into any form of body armour.
You are cold-blooded and may be slowed by cold attacks.


Message History

A quokka comes into view.
The quokka closely misses you.
You sock the quokka!
You kill the quokka!
Found an escape hatch in the floor.
You see here a quokka corpse.
You see here a quokka corpse.
You butcher the quokka corpse.
j - 7 chunks of flesh (gained 1)
You see here a quokka skeleton.
You see here a short sword.
You see here a club.
Found a ration.
d - 4 rations (gained 1)
Found a stone staircase leading up.
There is a stone staircase leading up here.
As you read the scroll of identify, it crumbles to dust.
k - a cursed ring of teleportation Unknown command.
Are you sure you want to abandon this character and quit the game? (Confirm

...# #.#.###..#
.#.# #####.#.# #..#
.#.###.....#.# #..#
..#.##.#####.###..#
.###.....#......<.#
..#.##.#.#.#.###.##
.#.###.#.#.#.# #.#
.#.# #.#.#.#.# #.#
.#.###.#.#.#.# #@#
....##.#.#.#.# #.#
....#.#..#.#.###.#
.....##..........#
...>#...#.....####
..............#
..............#
..............#
###...........#


There were no monsters in sight!

Vanquished Creatures
  A crimson imp (D:3)
  Crazy Yiuf (D:2)
  A worker ant (D:2)
  2 adders (D:3)
  2 worms (D:3)
  3 dart slugs
  5 leopard geckos
  An orc (D:3)
  7 bats
  A giant cockroach (D:3)
  9 hobgoblins
  10 jackals
  3 quokkas
  A ball python (D:1)
  6 frilled lizards
  6 goblins
  7 kobolds
  14 rats
80 creatures vanquished.

Vanquished Creatures (others)
  A ball python (D:2)
1 creature vanquished.

Grand Total: 81 creatures vanquished

Notes
Turn   | Place    | Note
-------+----------+-------------------------------------------
     0 | D:1      | Gearfox the Draconian Fighter began the quest for the Orb.
     0 | D:1      | Reached XP level 1. HP: 19/19 MP: 1/1
   303 | D:1      | Reached XP level 2. HP: 26/26 MP: 2/2
   377 | D:1      | Reached skill level 3 in Maces & Flails
  1087 | D:1      | Reached XP level 3. HP: 25/31 MP: 3/3
  1928 | D:2      | Reached skill level 4 in Maces & Flails
  2090 | D:2      | Found a runed door.
  2094 | D:2      | Noticed Crazy Yiuf
  2101 | D:2      | Killed Crazy Yiuf
  2101 | D:2      | Reached XP level 4. HP: 35/38 MP: 4/4
  2521 | D:3      | Reached skill level 5 in Maces & Flails
  2766 | D:3      | Reached XP level 5. HP: 40/45 MP: 5/5
  3040 | D:3      | Found a sacrificial altar of Ru.
  3491 | D:3      | Quit the game

Skill      XL: |  1  2  3  4 |
---------------+-------------+-----
Maces & Flails | 3 4 5 |  5.8
Fighting       | |  3.2
Dodging        | |  2.6
Shields        | |  3.0

Action                   |  1- 3 |  4- 6 || total
-------------------------+-------+-------++-------
Melee: Flail             |   142 |   119 ||   261
       Tailslap          |    10 |     8 ||    18
  Use: Scroll            |     4 |     1 ||     5
       Potion            |     1 |       ||     1
  Eat: Chunk             |     4 |     1 ||     5
       Ration            |       |     1 ||     1
Armor: Skin              |    71 |    53 ||   124
Dodge: Dodged            |    92 |    65 ||   157
Block: Shield            |   102 |    84 ||   186
